 Seeded DCSS version 0.32-a0-450-g080537f31e (webtiles) character file.

Game seed: 6965631656755398118 (custom seed)

140 CougarLife the Digger (level 5, -2/28 HPs)
             Began as a Gargoyle Earth Elementalist on Feb 23, 2024.
             Slain by Ijyb
             ... wielding a +0 dagger
              (4 damage)
             ... on level 3 of the Dungeon.
             The game lasted 00:02:39 (2243 turns).

CougarLife the Digger (Gargoyle Earth Elementalist) Turns: 2243, Time: 00:02:39

Health: -2/28      AC:  7    Str: 12    XL:     5   Next: 22%
Magic:  2/9        EV: 11    Int: 17    God:
Gold:   123        SH:  0    Dex: 10    Spells: 9/10 levels left

rFire   . . .        d - +1 dagger (venom)
rCold   . . .        (no shield)
rNeg    + . .        a - +0 robe
rPois   ∞            j - +0 helmet
rElec   +            (no cloak)
rCorr   .            (no gloves)
SInv    .            (no boots)
Will    .....        (no amulet)
Stlth   ++           (no ring)
HPRegen 0.24/turn    (no ring)
MPRegen 0.11/turn

%: no passive effects
@: no status effects
A: sickness immunity, AC +4, negative energy resistance 1, electricity
resistance, torment resistance 1, petrification resistance
a: no special abilities


You were on level 3 of the Dungeon.
You visited 1 branch of the dungeon, and saw 3 of its levels.

You collected 123 gold pieces.

Inventory:

Hand Weapons
 d - a +1 dagger of venom (weapon)
Armour
 a - a +0 robe (worn)
 j - a +0 helmet (worn)
Wands
 g - a wand of roots (6)
Scrolls
 e - a scroll of acquirement {unknown}
 k - a scroll of identify {unknown}
 l - a scroll of amnesia {unknown}
 m - a scroll of poison {unknown}
Potions
 b - a potion of magic
 c - a potion of enlightenment {unknown}
 f - a potion of heal wounds {unknown}
 h - a potion of resistance {unknown}
 i - a potion of lignification {unknown}


   Skills:
 - Level 1.5 Dodging
 - Level 2.1 Stealth
 + Level 3.2 Spellcasting
 + Level 3.1 Conjurations
 + Level 5.0 Earth Magic


You had 9 spell levels left.
You knew the following spells:

 Your Spells              Type           Power      Damage    Failure   Level
a - Sandblast             Erth           38%        2d10      2%          1

Your spell library contained the following spells:

 Spells                   Type           Power      Damage    Failure   Level
 Passwall                 Erth           19%        N/A       7%          3
 Stone Arrow              Conj/Erth      32%        3d9       10%         3
 Momentum Strike          Conj/Tloc      16%        3d8       14%         2
 Blink                    Tloc           4%         N/A       26%         2
 Lesser Beckoning         Tloc           4%         N/A       26%         2
 Brom's Barrelling Bould  Conj/Erth      16%        2d4       32%         4
 Petrify                  Alch/Erth      11%        N/A       52%         4
 Animate Dead             Necr           2%         N/A       86%         4
 Borgnjor's Vile Clutch   Necr/Erth      5%         N/A       86%         5
 Death Channel            Necr           1%         N/A       100%        6


Dungeon Overview and Level Annotations

Branches:
Dungeon (3/15)

Altars:

Shops:
D:1 (!   D:2 *

Annotations:
D:3 3 runed translucent doors, Ijyb; Shen's ghost, amateur CoCK


Innate Abilities, Weirdness & Mutations

You are immune to sickness and miasma.
Your stone body is resilient. (AC +4)
You are immune to poison.
You resist negative energy. (rN+)
You are resistant to electric shocks. (rElec)
You are resistant to unholy torment.
You are immune to petrification.


Message History

Aim: an adder (almost dead, 70% to hit)
The blast of sand hits the adder!
You kill the adder!
Ijyb zaps a wand.
Your mind is blasted!
* * * LOW HITPOINT WARNING * * *
Your Earth Magic skill increases to level 5!
Casting: Sandblast (safe; 2% risk of failure)
Confirm with . or Enter, or press ? or * to list all spells.
Aiming: Sandblast (safe; 2% risk of failure)
Press: ? - help, Shift-Dir - straight line, f - Ijyb
Aim: Ijyb, wielding a +0 dagger, wearing a +0 leather armour and carrying a wand of mindburst (77% to hit)
The blast of sand misses Ijyb.
Ijyb zaps a wand.
You barely resist.
Casting: Sandblast (safe; 2% risk of failure)
Confirm with . or Enter, or press ? or * to list all spells.
Aiming: Sandblast (safe; 2% risk of failure)
Press: ? - help, Shift-Dir - straight line, f/p - Ijyb
Aim: Ijyb, wielding a +0 dagger, wearing a +0 leather armour and carrying a wand of mindburst (77% to hit)
The blast of sand hits Ijyb!
Ijyb is heavily wounded.
Ijyb hits you but does no damage. x2
Casting: Sandblast (safe; 2% risk of failure)
Confirm with . or Enter, or press ? or * to list all spells.
Aiming: Sandblast (safe; 2% risk of failure)
Press: ? - help, Shift-Dir - straight line, f/p - Ijyb
Aim: Ijyb, wielding a +0 dagger, wearing a +0 leather armour and carrying a wand of mindburst (heavily wounded, 77% to hit)
The blast of sand hits Ijyb.
Ijyb is severely wounded.
Ijyb zaps a wand.
You barely resist.
Casting: Sandblast (safe; 2% risk of failure)
Confirm with . or Enter, or press ? or * to list all spells.
Aiming: Sandblast (safe; 2% risk of failure)
Press: ? - help, Shift-Dir - straight line, f/p - Ijyb
Aim: Ijyb, wielding a +0 dagger, wearing a +0 leather armour and carrying a wand of mindburst (severely wounded, 77% to hit)
The blast of sand hits Ijyb!
Ijyb is almost dead.
Ijyb hits you with a +0 dagger.
* * * LOW HITPOINT WARNING * * *
Ijyb hits you with a +0 dagger.
You die...
Ijyb screams, "Time for next experiment!"

#..!# ...
#.#.# ... .
##...##..
#.##.......
.........
#.....
#...#####
#..g@.#
#.####.#
... #.#
#### #.#
#.# #.# #.#
#.# #.#


You could see Ijyb.

Vanquished Creatures
  Natasha (D:2)
  Robin (D:2)
  A gnoll (D:1)
  3 adders
  2 ribbon worms
  4 ball pythons
  5 bats
  4 endoplasms
  A giant cockroach (D:1)
  10 goblins (D:2)
  4 hobgoblins (D:2)
  7 jackals
  5 kobolds
  3 quokkas (D:2)
  3 frilled lizards (D:1)
  2 rats (D:1)
56 creatures vanquished.

Notes
Turn   | Place    | Note
-------+----------+-------------------------------------------
     0 | D:1      | CougarLife the Gargoyle Earth Elementalist began the quest
                  | for the Orb.
     0 | D:1      | Reached XP level 1. HP: 10/10 MP: 3/3
    60 | D:1      | Found Ashripp's Weapon Shoppe.
   180 | D:1      | Found Baxzixzy's Distillery.
   328 | D:1      | Reached XP level 2. HP: 15/15 MP: 3/5
   685 | D:1      | Reached skill level 4 in Earth Magic
   852 | D:1      | Reached XP level 3. HP: 19/19 MP: 4/6
  1267 | D:2      | Noticed Natasha
  1288 | D:2      | Killed Natasha
  1289 | D:2      | Reached XP level 4. HP: 12/24 MP: 2/8
  1592 | D:2      | Identified the +2 kite shield of Untold Secrets {Str+4
                  | Int+5 Slay-3 SInv}
  1600 | D:2      | Noticed Robin
  1611 | D:2      | Killed Robin
  1764 | D:2      | Found Sozous's Assorted Antiques.
  1968 | D:3      | Reached XP level 5. HP: 28/28 MP: 6/9
  2138 | D:3      | Found a runed translucent gate.
  2145 | D:3      | Found a runed translucent gate.
  2145 | D:3      | Identified the +1 leather armour of Insurance {Rampage
                  | rCorr}
  2146 | D:3      | Found a runed translucent gate.
  2148 | D:3      | Noticed Shen's ghost (amateur CoCK)
  2233 | D:3      | Noticed Ijyb
  2240 | D:3      | Reached skill level 5 in Earth Magic
  2243 | D:3      | Slain by Ijyb

Illustrated notes

Levels and vault maps discovered:
D:1:      dpeg_arrival_solitude, layout_loops_corners, serial_shops, shop, shop
D:2:      layout_loops_cross, serial_shops, shop, uniq_natasha, uniq_robin
D:3:      layout_loops_ring, biasface_ghost_orc_armoury, serial_shops,
          nicolae_shop_tiny_real_fake_doors, uniq_ijyb

Skill      XL: |  1  2  3  4  5 |
---------------+----------------+-----
Earth Magic    | 4 5 |  5.0
Conjurations   | 2 3 |  3.1
Spellcasting   | 3 |  3.2
Dodging        | |  1.5
Stealth        | |  2.1

Action                     |  1- 3 |  4- 6 || total
---------------------------+-------+-------++-------
  Melee: Dagger            |     7 |     8 ||    15
         Unarmed           |     1 |       ||     1
   Cast: Sandblast         |    39 |    41 ||    80
 Armour: Robe              |    19 |    26 ||    45
  Dodge: Dodged            |    21 |    19 ||    40

Table legend: (Time is in decaauts)
 A = Elapsed time spent in this place.
 B = Non-inter-level travel time spent in this place.
 C = Inter-level travel time spent in this place.
 D = Time resting spent in this place.
 E = Time spent auto-exploring this place.
 F = Levels seen in this place.
 G = Mean time per level.
                   A        B        C        D        E       F      G
               +--------+--------+--------+--------+--------+-----+--------+
         Total |   2280 |   2214 |     66 |    162 |   1575 |   3 |  760.0 |
       Dungeon |   2280 |   2214 |     66 |    162 |   1575 |   3 |  760.0 |
               +--------+--------+--------+--------+--------+-----+--------+

Top non-repeatable levels by time:
     D:2: 1036 daAuts
     D:1: 959 daAuts
     D:3: 285 daAuts
